 Dungeon Crawl Stone Soup version 0.28-a0-1412-gf95308ed99 (webtiles) character file.

Game seed: 12096167440547356510

1642 septik the Cleaver (level 8, -2/64 HPs)
             Began as a Minotaur Berserker on Jan 6, 2022.
             Was a High Priest of Trog.
             Slain by a killer bee (3 damage)
             ... on level 6 of the Dungeon.
             The game lasted 00:09:22 (5620 turns).

septik the Cleaver (Minotaur Berserker)             Turns: 5620, Time: 00:09:22

Health: -2/64      AC:  9    Str: 23    XL:     8   Next: 67%
Magic:  7/7        EV:  8    Int:  4    God:    Trog [*****.]
Gold:   194        SH:  3    Dex: 11    Spells: 7/7 levels left

rFire   . . .      SeeInvis .   o - +0 war axe
rCold   . . .      Faith    +   j - +0 buckler
rNeg    . . .      Spirit   .   l - +0 chain mail
rPois   .          Reflect  .   g - +0 hat
rElec   .          Harm     .   (no cloak)
rCorr   +          Rampage  .   (no gloves)
Will    .....                   w - +0 pair of boots
Stlth   ..........              n - amulet of faith
HPRegen 0.20/turn               e - ring of resist corrosion
MPRegen 0.10/turn               (no ring)

@: lethally poisoned (-2 -> -9), on berserk cooldown, slowed, very slow
A: horns 2, retaliatory headbutt
a: Renounce Religion, Berserk, Trog's Hand, Brothers in Arms


You were on level 6 of the Dungeon.
You worshipped Trog.
Trog was extremely pleased with you.
You visited 1 branch of the dungeon, and saw 6 of its levels.

You collected 194 gold pieces.

Inventory:

Hand Weapons
 o - a +0 war axe (weapon)
Missiles
 h - 136 stones (quivered)
 k - 3 throwing nets
Armour
 g - a +0 hat (worn)
 j - a +0 buckler (worn)
 l - a +0 chain mail (worn)
 w - a +0 pair of boots (worn)
Jewellery
 e - a ring of resist corrosion (left hand)
 n - an amulet of faith (around neck)
 A - an amulet of the acrobat
Wands
 s - a wand of flame (15)
 u - a wand of acid (4)
Scrolls
 c - 2 scrolls of blinking {unknown}
 d - 2 scrolls of noise {unknown}
 f - 3 scrolls of identify {unknown}
 i - 2 scrolls of fear {unknown}
 p - a scroll of magic mapping {unknown}
 q - a scroll of vulnerability {unknown}
 r - 2 scrolls of holy word {unknown}
 t - a scroll of enchant weapon {unknown}
 v - a scroll of torment {unknown}
 y - 2 scrolls of teleportation {unknown}
 F - a scroll of enchant armour {unknown}
Potions
 a - a potion of cancellation {unknown}
 b - 3 potions of heal wounds {unknown}
 m - a potion of invisibility {unknown}
 x - a potion of degeneration {unknown}
 z - a potion of brilliance {unknown}
 B - a potion of curing {unknown}
 C - a potion of ambrosia {unknown}
 D - a potion of berserk rage {unknown}
 E - a potion of attraction {unknown}


   Skills:
 - Level 3.6 Fighting
 + Level 13.5 Axes
 - Level 2.4 Armour
 - Level 2.1 Dodging


You had 7 spell levels left.
You didn't know any spells.
Your spell library was empty.

Dungeon Overview and Level Annotations

Branches:
Dungeon (6/15)             Temple (0/1) D:6

Altars:
Fedhas

Shops:
D:2 *


Innate Abilities, Weirdness & Mutations

You have a pair of horns on your head.
You reflexively headbutt those who attack you in melee.


Message History

The killer bee closely misses you. x2; The killer bee barely misses you.
You miss the killer bee. You closely miss the killer bee.
You barely miss the killer bee.
You feel sick. The killer bee closely misses you. You furiously retaliate!
You headbutt the killer bee! The killer bee closely misses you.
The killer bee stings you.
You are more poisoned.
The killer bee poisons you!
You closely miss the killer bee.
The killer bee is heavily wounded.
You slash the killer bee!
You kill the killer bee!
Trog accepts your kill.
You miss the killer bee.
You feel very sick. The killer bee stings you.
* * * LOW HITPOINT WARNING * * *
* * * LOW HITPOINT WARNING * * *
You feel very sick. The killer bee completely misses you.
The killer bee stings you.
* * * LOW HITPOINT WARNING * * *
You feel a strong urge to attack something.
* * * LOW HITPOINT WARNING * * *
You feel very sick.
The killer bee stings you but does no damage.
There is a stone staircase leading down here.
Found a short sword.
* * * LOW HITPOINT WARNING * * *
You feel sick.
You feel your anger nearly subside.
You are no longer berserk.
You are exhausted.
You feel yourself slow down.
* * * LOW HITPOINT WARNING * * *
You feel sick.
You see here a +2 pair of boots.
* * * LOW HITPOINT WARNING * * *
You feel very sick.
The killer bee stings you but does no damage.
The killer bee stings you.
You die...

#.#<...# #.##.... ...#
#.##..### #?.# #.##..# #
#..########.
.##..###.#..##..$...
.........#..#.....#
..............)..#
#....###†.#.....#
##.....##..##y@.#####
##.....(....y.y........
##...........###########
............##
###.........#
..).....##### .......##
########


You could see 3 killer bees.

Vanquished Creatures
  A water moccasin (D:5)
  2 ice beasts
  An ogre (D:6)
  A bullfrog (D:6)
  2 scorpions
  A water moccasin zombie (D:5)
  A water moccasin skeleton (D:4)
  2 killer bees (D:6)
  A bullfrog zombie (D:6)
  A centaur zombie (D:4)
  A centaur skeleton (D:4)
  5 hounds
  2 bullfrog skeletons (D:5)
  3 orc priests
  2 jellies
  An iguana (D:5)
  4 orc wizards
  A howler monkey zombie (D:6)
  10 gnolls
  8 adders
  A shadow imp (D:6)
  An ufetubus (D:6)
  An adder zombie (D:5)
  3 worms
  4 dart slugs
  32 orcs
  5 ball pythons
  5 endoplasms
  A giant cockroach (D:4)
  5 goblins
  9 hobgoblins
  5 kobolds
  2 quokkas
  5 bats
  4 frilled lizards
  6 rats
139 creatures vanquished.

Vanquished Creatures (others)
  A plant (D:2)
1 creature vanquished.

Grand Total: 140 creatures vanquished

Notes
Turn   | Place    | Note
-------+----------+-------------------------------------------
     0 | D:1      | septik the Minotaur Berserker began the quest for the Orb.
     0 | D:1      | Reached XP level 1. HP: 19/19 MP: 0/0
   170 | D:1      | Reached skill level 4 in Axes
   243 | D:1      | Reached XP level 2. HP: 26/26 MP: 1/1
   584 | D:1      | Reached skill level 5 in Axes
   714 | D:2      | Reached XP level 3. HP: 31/31 MP: 2/2
   723 | D:2      | Found a faded altar of an unknown god.
   727 | D:2      | Reached ** piety under Trog
  1006 | D:2      | Reached skill level 6 in Axes
  1006 | D:2      | Reached XP level 4. HP: 30/39 MP: 3/3
  1125 | D:2      | Found Eluh's Assorted Antiques.
  1757 | D:3      | Reached skill level 7 in Axes
  1757 | D:3      | Reached XP level 5. HP: 28/45 MP: 4/4
  2810 | D:3      | Reached skill level 8 in Axes
  2973 | D:3      | Reached *** piety under Trog
  3118 | D:4      | Reached XP level 6. HP: 49/51 MP: 5/5
  3336 | D:4      | Reached skill level 9 in Axes
  3512 | D:4      | Found a blossoming altar of Fedhas.
  3848 | D:5      | Entered Level 5 of the Dungeon
  3853 | D:5      | Reached XP level 7. HP: 57/57 MP: 6/6
  4028 | D:5      | Reached skill level 10 in Axes
  4302 | D:5      | Reached **** piety under Trog
  4600 | D:5      | Reached skill level 11 in Axes
  4688 | D:5      | Reached XP level 8. HP: 54/64 MP: 7/7
  5197 | D:6      | Reached skill level 12 in Axes
  5365 | D:6      | Found a staircase to the Ecumenical Temple.
  5488 | D:6      | Reached skill level 13 in Axes
  5551 | D:6      | Reached ***** piety under Trog
  5620 | D:6      | HP: 1/64 [poisoned by a killer bee]
  5620 | D:6      | Slain by a killer bee

Illustrated notes

Levels and vault maps discovered:
D:1:      roderic_crossed_star, layout_rooms
D:2:      layout_basic, shapermc_ecumenical_altar_mp_ritualfount, serial_shops,
          shop, minmay_close_crescents
D:3:      layout_basic, interstate_on_off
D:4:      layout_rooms, old_standard_altar, kennysheep_generic_room_12
D:5:      layout_gridville
D:6:      layout_loops_ring, minmay_temple_entry_poolview

Skill      XL: |  1  2  3  4  5  6  7  8 |
---------------+-------------------------+-----
Axes           | 4 5 6 7 8 9 11 13 | 13.5
Fighting       | |  3.6
Armour         | |  2.4
Dodging        | |  2.1

Action                   |  1- 3 |  4- 6 |  7- 9 || total
-------------------------+-------+-------+-------++-------
Melee: Hand axe          |    68 |   109 |       ||   177
       Headbutt          |    10 |    19 |    16 ||    45
       Punch             |     2 |       |       ||     2
       War axe           |       |    37 |   136 ||   173
Throw: Stone             |       |     4 |       ||     4
Invok: Berserk           |       |     2 |     1 ||     3
Armor: Ring mail         |    17 |    13 |       ||    30
       Animal skin       |     2 |       |       ||     2
       Chain mail        |       |    46 |    68 ||   114
Dodge: Dodged            |    36 |    53 |    71 ||   160
Block: Buckler           |       |    10 |    16 ||    26

Table legend: (Time is in decaauts)
 A = Elapsed time spent in this place.
 B = Non-inter-level travel time spent in this place.
 C = Inter-level travel time spent in this place.
 D = Time resting spent in this place.
 E = Time spent auto-exploring this place.
 F = Levels seen in this place.
 G = Mean time per level.
                   A        B        C        D        E       F      G
               +--------+--------+--------+--------+--------+-----+--------+
         Total |   5640 |   5492 |    148 |    175 |   4349 |   6 |  940.0 |
       Dungeon |   5640 |   5492 |    148 |    175 |   4349 |   6 |  940.0 |
               +--------+--------+--------+--------+--------+-----+--------+

Top non-repeatable levels by time:
     D:3: 1621 daAuts
     D:5: 1231 daAuts
     D:2: 840 daAuts
     D:4: 743 daAuts
     D:1: 671 daAuts
     D:6: 532 daAuts
